 Dungeon Crawl Stone Soup version 0.21.1-1-g345015f (webtiles) character file.

223 Monsterracer the Chiller (level 6, -1/41 HPs)
             Began as a Human Ice Elementalist on Feb 9, 2018.
             Slain by a kobold
             ... wielding a +0 club
              (4 damage)
             ... on level 3 of the Dungeon.
             The game lasted 00:04:34 (2497 turns).

Monsterracer the Chiller (Human Ice Elementalist)   Turns: 2497, Time: 00:04:35

Health: -1/41      AC:  2    Str:  8    XL:     6   Next: 20%
Magic:  11/11      EV: 12    Int: 21    God:
Gold:   47         SH:  0    Dex: 14    Spells: 3/11 levels left

rFire    . . .     SeeInvis .   n - +0 spear
rCold    . . .     Gourm    .   (no shield)
rNeg     . . .     Faith    .   a - +0 robe
rPois    .         Spirit   .   (no helmet)
rElec    .         Reflect  .   (no cloak)
rCorr    .         Harm     .   (no gloves)
MR       .....                  (no boots)
Stlth    ++........             (no amulet)
HPRegen  0.13/turn              l - +4 ring of intelligence
MPRegen  0.12/turn              (no ring)

@: no status effects
A: no striking features
a: no special abilities


You were on level 3 of the Dungeon.
You were not hungry.

You visited 1 branch of the dungeon, and saw 3 of its levels.

You collected 47 gold pieces.

Inventory:

Hand Weapons
 n - a +0 spear (weapon)
Armour
 a - a +0 robe (worn)
Jewellery
 l - a +4 ring of intelligence (left hand)
Scrolls
 f - a scroll of enchant armour {unknown}
 g - a scroll of immolation {unknown}
 i - a scroll of teleportation {unknown}
 j - 2 scrolls of identify {unknown}
Books
 b - a book of Frost

   Spells                             Type                      Level
   a - Freeze                         Ice                          1
   b - Throw Frost                    Conjuration/Ice              2
   c - Ozocubu's Armour               Charms/Ice                   3
   d - Throw Icicle                   Conjuration/Ice              4
   e - Summon Ice Beast               Ice/Summoning                4
Comestibles
 c - 8 rations


   Skills:
 - Level 2.0 Dodging
 - Level 2.0 Stealth
 + Level 3.4 Spellcasting
 + Level 1.6 Conjurations
 * Level 5.4 Ice Magic


You had 3 spell levels left.
You knew the following spells:

 Your Spells              Type           Power        Failure   Level  Hunger
a - Freeze                Ice            ####         1%          1    None
b - Throw Icicle          Conj/Ice       ###.....     30%         4    ####...
c - Ozocubu's Armour      Chrm/Ice       ###.....     12%         3    ###....


Dungeon Overview and Level Annotations

Branches:
Dungeon (3/15)

Altars:
Makhleb


Message History

The big kobold hits you but does no damage.
You are more poisoned.
You take 3 damage, and have 26/35 hp.
You now have 1/9 mp.
Casting: Freeze
Confirm with . or Enter, or press ? or * to list all spells.
Aiming: Freeze
Press: ? - help, Shift-Dir - straight line, f/p - big kobold
Aim: a big kobold, wielding a dagger of venom (severely wounded)
You freeze the big kobold.
You kill the big kobold!
You have reached level 6!
Your experience leads to an increase in your attributes!
Your base attributes are Str 8, Int 16, Dex 14.
Increase (S)trength, (I)ntelligence, or (D)exterity?
You feel clever.
You feel very sick.
You regained 2 hp, and now have 28/41 hp.
It was a potion of magic.
Magic courses through your body.
You feel very sick.
You take 3 damage, and have 25/41 hp.
MP restored: 11 It was a potion of agility.
You feel agile all of a sudden.
You feel sick.
You take 2 damage, and have 23/41 hp.
It was a potion of might.
You feel very mighty all of a sudden.
You feel very sick.
You take 2 damage, and have 21/41 hp.
It was a potion of lignification.
You turn into a tree.
Your +0 robe melds into your body.
Your roots penetrate the ground.
You feel sick.
You now have 29/61 hp.
You hit the kobold.
You kill the kobold!
You feel sick.
You take 2 damage, and have 27/61 hp.
You feel sick.
You take 2 damage, and have 25/61 hp.
You feel sick.
You take 2 damage, and have 23/61 hp.
You feel sick.
You take 1 damage, and have 22/61 hp.
You feel sick.
You take 1 damage, and have 21/61 hp.
You feel sick.
You take 2 damage, and have 19/61 hp.
You feel sick.
You take 1 damage, and have 18/61 hp.
You feel sick.
You take 2 damage, and have 16/61 hp.
You feel sick.
You feel sick.
You take 1 damage, and have 15/61 hp.
You feel sick.
You take 1 damage, and have 14/61 hp.
You feel sick.
You take 1 damage, and have 13/61 hp.
You feel sick.
You take 1 damage, and have 12/61 hp.
You feel sick.
You feel sick.
You take 1 damage, and have 11/61 hp.
You feel sick.
You take 1 damage, and have 10/61 hp.
You feel sick.
You feel sick.
You take 1 damage, and have 9/61 hp.
You start resting.
You feel sick. x2
Your transformation is almost over.
You take 1 damage, and have 8/61 hp.
You start resting.
Your icy armour starts to melt.
You feel sick.
You take 1 damage, and have 7/61 hp.
Unknown command.
You start resting.
You feel sick.
Your icy armour evaporates.
You start resting.
You feel sick.
You feel less wooden.
Your +0 robe unmelds from your body.
You now have 4/41 hp.
You start resting.
You feel sick.
You feel a little less mighty now.
You feel a little less agile now.
You take 1 damage, and have 3/41 hp.
Unknown command.
You start resting.
You feel sick.
You are no longer poisoned.
You start resting.
Unknown command.
A kobold is nearby!
A kobold is nearby!
Items here: $ )) ? a dagger; a dagger of venom; a scroll labeled INOCEU WAEXE; 9 gold pieces The kobold hits you with a club.
You die...

.......#≈≈## #.#
.......≈≈≈≈#..##.#
......(≈≈≈≈#..##.#
######.≈≈≈≈#..##.#
#.#≈≈##..##.#
#.#≈≈#..###.#
#.##≈#..# #.# #.#
##..# #)# #.# ##..#
#@#######
##.###...###K.......
#...........########
###...........#
...............#
#...)...........#
#...............#
#####..........(#
#...........#


You could see a kobold.

Vanquished Creatures
  A big kobold (D:3)
  A scorpion (D:2)
  A worker ant (D:3)
  5 adders
  A worm (D:2)
  A leopard gecko (D:3)
  4 bats
  A giant cockroach (D:2)
  3 goblins
  3 hobgoblins
  2 quokkas (D:2)
  A ball python (D:2)
  3 frilled lizards
  8 kobolds
  4 rats
39 creatures vanquished.

Notes
Turn   | Place    | Note
-------+----------+-------------------------------------------
     0 | D:1      | Monsterracer the Human Ice Elementalist began the quest for the Orb.
     0 | D:1      | Reached XP level 1. HP: 13/13 MP: 3/3
   323 | D:1      | Reached XP level 2. HP: 11/19 MP: 3/5
   887 | D:2      | Reached XP level 3. HP: 19/24 MP: 3/6
   900 | D:2      | Learned a level 3 spell: Ozocubu's Armour
  1384 | D:2      | Reached skill level 4 in Ice Magic
  1417 | D:2      | Noticed a scorpion
  1435 | D:2      | HP: 9/24 [scorpion (9)]
  1437 | D:2      | HP: 3/24 [scorpion (4)]
  1438 | D:2      | Killed a scorpion
  1438 | D:2      | Reached XP level 4. HP: 4/30 MP: 1/8
  1447 | D:2      | HP: 15/30 [poisoned by a scorpion]
  1453 | D:2      | HP: 12/30 [poisoned by a scorpion]
  1460 | D:2      | HP: 9/30 [poisoned by a scorpion]
  1467 | D:2      | HP: 8/30 [poisoned by a scorpion]
  1475 | D:2      | HP: 7/30 [poisoned by a scorpion]
  1815 | D:2      | Learned a level 4 spell: Throw Icicle
  1860 | D:2      | Reached XP level 5. HP: 35/35 MP: 9/9
  2084 | D:3      | Found a burning altar of Makhleb.
  2332 | D:3      | Reached skill level 5 in Ice Magic
  2437 | D:3      | Noticed a big kobold
  2445 | D:3      | Killed a big kobold
  2445 | D:3      | Reached XP level 6. HP: 31/41 MP: 0/11
  2449 | D:3      | HP: 29/61 [poisoned by a big kobold]
  2454 | D:3      | HP: 21/61 [poisoned by a big kobold]
  2459 | D:3      | HP: 15/61 [poisoned by a big kobold]
  2465 | D:3      | HP: 11/61 [poisoned by a big kobold]
  2471 | D:3      | HP: 8/61 [poisoned by a big kobold]
  2476 | D:3      | HP: 7/61 [poisoned by a big kobold]
  2483 | D:3      | HP: 7/61 [poisoned by a big kobold]
  2487 | D:3      | HP: 3/41 [poisoned by a big kobold]
  2497 | D:3      | Slain by a kobold

Skill      XL: |  1  2  3  4  5 |
---------------+----------------+-----
Ice Magic      | 4 5 |  5.4
Spellcasting   | 3 |  3.4
Dodging        | |  2.0
Stealth        | |  2.0
Conjurations   | |  1.6

Action                   |  1- 3 |  4- 6 || total
-------------------------+-------+-------++-------
Melee: Short sword       |    28 |       ||    28
       Spear             |    12 |    20 ||    32
 Cast: Freeze            |    29 |    23 ||    52
       Ozocubu's Armour  |       |     1 ||     1
  Use: Potion            |       |     5 ||     5
 Stab: Sleeping          |     4 |     3 ||     7
  Eat: Chunk             |     2 |     3 ||     5
Armor: Robe              |    12 |     5 ||    17
Dodge: Dodged            |    43 |    12 ||    55

Vault maps used:
D:1:      ncdulo_watergridlock
D:2:      first_ration
D:3:      cheibrodos_thug_alley, hangedman_feature_mirror, bloody_makhleb
